Map: Lerilak Crest

Players

Novawulfen - Winner!

  • Race: Terran Terran

SirEndipity

  • Race: Terran Terran
  • League: Silver

VOD

Have the link to the VOD?

Description

Time

  • Played on: Nov. 14, 2015, 6:30 p.m.
  • Length: 7:08
Show
View Real Time Build Order
Export as new Build Order

Novawulfen Terran - Winner!

Build Orders:  

Get SALT Encoding   

  12  0:01  SCV  
  13  0:13  SCV  
  14  0:21  Supply Depot  
  14  0:25  SCV  
  15  0:34  Refinery  
  15  0:43  SCV  
  15  0:45  Barracks  
  16  0:55  SCV  
  17  1:07  SCV  
  18  1:19  SCV  
  19  1:31  Marine  
  19  1:32  Orbital Command  
  20  1:46  Factory  
  20  1:49  Marine  
  21  2:08  SCV  
  22  2:09  Command Center  
  22  2:11  Marine  
  23  2:36  Supply Depot x2  
  23  2:38  Factory Tech Lab  
  23  2:43  Barracks Reactor  
  23  2:57  SCV, Siege Tank  
  23  2:58  Bunker  
  27  3:02  Refinery  
  27  3:03  Supply Depot  
  27  3:09  SCV  
  28  3:21  SCV  
  28  3:24  Marine x2  
  32  3:28  Supply Depot  
  32  3:30  Orbital Command  
  31  3:34  SCV  
  32  3:44  Starport  
  32  3:50  SCV, Marine  
  34  3:57  SCV  
  35  4:05  SCV  
  35  4:09  Siege Tank  
  39  4:15  SCV, Marine x2  
  42  4:21  SCV  
  43  4:24  Supply Depot  
  43  4:28  SCV  
  43  4:30  Medivac  
  46  4:35  SCV  
  47  4:42  Refinery x2  
  47  4:45  Engineering Bay  
  47  4:46  SCV, Marine x2  
  50  5:00  Viking  
  50  5:02  Barracks  
  50  5:04  Barracks  
  52  5:17  Siege Tank  
  55  5:27  SCV  
  55  5:28  SCV  
  57  5:31  Missile Turret  
  57  5:42  Starport Reactor  
  57  6:05  SCV  
  57  6:06  SCV, Marine x3  
  57  6:07  Barracks Tech Lab  
  62  6:17  Siege Tank  
  65  6:23  Marine  
  65  6:24  Marine  
  65  6:25  Marine  
  63  6:45  Marine x4  
  63  6:46  SCV x2  
Show
View Real Time Build Order
Export as new Build Order

SirEndipity Terran 

Build Orders:  

Get SALT Encoding   

  12  0:02  SCV  
  14  0:14  SCV  
  14  0:20  Supply Depot  
  14  0:26  SCV  
  15  0:42  SCV, Barracks  
  16  0:55  SCV  
  17  1:03  Supply Depot  
  17  1:07  SCV, Refinery  
  18  1:19  SCV  
  19  1:31  Marine  
  21  1:33  Orbital Command  
  20  1:48  Marine  
  21  2:00  Command Center  
  21  2:06  Marine  
  21  2:08  SCV  
  23  2:20  SCV  
  24  2:23  Factory  
  24  2:32  Bunker  
  24  2:36  SCV  
  25  2:37  Marine  
  26  2:45  Barracks  
  26  2:46  Supply Depot  
  26  2:48  SCV  
  27  2:57  Refinery  
  27  2:58  Marine  
  28  3:03  SCV  
  29  3:09  Factory Tech Lab  
  29  3:15  Marine  
  30  3:24  Starport  
  30  3:27  Orbital Command  
  30  3:38  Barracks Tech Lab  
  30  3:39  Marine  
  31  3:46  SCV  
  32  3:51  Engineering Bay, Barracks  
  32  3:52  Siege Tank  
  36  3:55  SCV  
  36  4:02  Starport Tech Lab  
  36  4:03  Marine  
  36  4:07  Stimpack  
  37  4:14  SCV x2  
  39  4:34  Missile Turret x2  
  39  4:35  Missile Turret  
  39  4:36  Marauder, Marine  
  43  4:45  SCV  
  43  4:48  SCV  
  43  4:49  Marine  
  43  4:50  Refinery  
  45  4:57  SCV  
  45  4:58  Marauder  
  45  4:59  Marine  
  49  5:00  SCV  
  50  5:09  SCV  
  50  5:12  SCV  
  50  5:13  Missile Turret  
  52  5:14  Marine  
  52  5:16  Missile Turret  
  53  5:22  SCV  
  53  5:25  Supply Depot  
  54  5:44  Command Center  
  54  5:46  SCV x2, Raven  
  54  5:47  Marauder  
  54  5:49  Supply Depot  
  60  5:56  Marine x2  
  60  6:08  Marauder  
  60  6:13  Marine  
  60  6:14  Marine  
  60  6:16  Siege Tank, Barracks  
  60  6:18  Barracks  
  63  6:29  Marauder, Medivac  
  63  6:31  Marine  
  63  6:32  Marine  
  58  6:49  Marine  
  58  6:50  Marine  
Tags
 
League
Silver
Matchup
TvT
Race
Terran
Add a new tag
Caveats
  • Supply blocks, unpowered buildings, or Contaminate may cause inaccurate times.
  • Supply counts are checked every 10 seconds.